 Dungeon Crawl Stone Soup version 0.25.0-1-g7eea58d (webtiles) character file.

Game seed: 9752413485807417914

35514 ItisI the Spear-Bearer (level 13, -2/122 HPs)
             Began as a Minotaur Gladiator on June 14, 2020.
             Was the Champion of Okawaru.
             Slain by a +3 war axe of draining (9 damage)
             ... on level 2 of the Elven Halls on June 15, 2020.
             The game lasted 03:59:09 (14047 turns).

ItisI the Spear-Bearer (Minotaur Gladiator)        Turns: 14047, Time: 03:59:10

Health: -2/122     AC: 19    Str: 30    XL:     13   Next: 48%
Magic:  12/12      EV: 15    Int:  6    God:    Okawaru [******]
Gold:   1489       SH: 12    Dex: 14    Spells: 12/12 levels left

rFire    + . .     SeeInvis .   n - +9 trident of Orism {freeze, rF+}
rCold    . . .     Gourm    .   g - +0 kite shield
rNeg     . . .     Faith    +   X - quicksilver dragon scales
rPois    .         Spirit   .   c - +2 hat
rElec    .         Reflect  .   l - +0 cloak
rCorr    .         Harm     .   b - +2 pair of gloves {Str+3}
MR       +....     Clarity  +   (no boots)
Stlth    +.........             F - amulet of faith
HPRegen  0.30/turn              t - +4 ring of slaying
MPRegen  0.13/turn              W - +6 ring of strength

@: about to teleport, very slightly contaminated, drained
A: retaliatory headbutt, horns 2, talons 1, clarity, robust 1
a: Heroism, Finesse, Renounce Religion


You were on level 2 of the Elven Halls.
You worshipped Okawaru.
Okawaru was exalted by your worship.
You were hungry.

You visited 3 branches of the dungeon, and saw 14 of its levels.
You also visited: Sewer.

You collected 3111 gold pieces.
You spent 1622 gold pieces at shops.

Inventory:

Hand Weapons
 n - the +9 trident of Orism (weapon) {freeze, rF+}
   (You took it off a deep elf mage on level 1 of the Elven Halls)

   It has been specially enchanted to freeze those struck by it, causing extra
   injury to most foes and up to half again as much damage against particularly
   susceptible opponents.
   It can also slow down cold-blooded creatures.
   It protects you from fire.
 N - a +2 trident of protection
Missiles
 d - 2 throwing nets
 q - 25 boomerangs
 P - 12 boomerangs of dispersal
 Q - 25 poisoned darts (quivered)
 U - 9 javelins
 Y - 6 atropa-tipped darts
 Z - 2 silver javelins
Armour
 b - a +2 pair of gloves of strength (worn)
 c - a +2 hat (worn)
 g - a +0 kite shield (worn)
 l - a +0 cloak (worn)
 y - a +1 chain mail of poison resistance
 I - a +2 scale mail of fire resistance
 J - a +0 troll leather armour
 R - +0 acid dragon scales
 X - quicksilver dragon scales (worn)
Jewellery
 r - an uncursed ring of protection from cold
 t - a +4 ring of slaying (left hand)
 v - an uncursed ring of poison resistance
 C - an uncursed ring of fire
 F - an amulet of faith (around neck)
 K - an uncursed ring of positive energy
 S - an uncursed ring of see invisible {unknown}
 W - a +6 ring of strength (right hand)
Wands
 D - a wand of disintegration (13)
 E - a wand of polymorph (5)
 G - a wand of flame (18)
 L - a wand of iceblast (9)
 O - a wand of random effects (45)
 V - a wand of digging (6)
Scrolls
 e - a scroll of brand weapon
 h - 7 scrolls of remove curse
 k - 3 scrolls of fear
 p - 3 scrolls of fog
 u - a scroll of blinking
 w - 3 scrolls of enchant armour
 B - 2 scrolls of teleportation
Potions
 a - a potion of heal wounds
 i - 4 potions of curing
 j - 2 potions of ambrosia
 m - a potion of stabbing
 o - a potion of magic
 s - 3 potions of flight
 z - 4 potions of lignification
 A - 3 potions of might
 M - 3 potions of berserk rage
 T - 2 potions of haste
Comestibles
 f - 23 rations


   Skills:
 * Level 9.4(8.7) Fighting
 * Level 14.9(14.1) Polearms
 * Level 10.3(9.6) Throwing
 * Level 9.5(8.8) Armour
 * Level 8.8(8.1) Dodging
 * Level 9.3(8.6) Shields
 * Level 8.1(7.4) Unarmed Combat


You had 12 spell levels left.
You didn't know any spells.
Your spell library contained the following spells:

 Spells                   Type           Power        Failure   Level  Hunger
 Animate Skeleton         Necr           N/A          83%         1    ##.....
 Pain                     Necr           #...         83%         1    ##.....
 Summon Small Mammal      Summ           #...         83%         1    ##.....
 Vampiric Draining        Necr           #.........   99%         3    ####...
 Animate Dead             Necr           N/A          100%        4    #####..
 Fulminant Prism          Conj/Hex       #.........   100%        4    #####..
 Hailstorm                Conj/Ice       #.......     100%        4    #####..
 Agony                    Necr           #.......     100%        5    ######.
 Orb of Destruction       Conj           #.........   100%        7    #######


Dungeon Overview and Level Annotations

Branches:
Dungeon (10/15)            Temple (0/1) D:5             Orc (2/2) D:10
    Elf (2/3) Orc:2         Sewer (visited)
   Lair: D:8-11

Altars:
Ashenzari
Makhleb
Nemelex Xobeh
Okawaru
Ru
Trog
Vehumet
Wu Jian
Xom
Yredelemnul
Beogh

Shops:
D:5 *   D:6 [   D:10 [   Orc:2 ((*([?!*:

Portals:
Trove: Elf:1 (give +3 gold dragon scales)

Annotations:
Elf:2 Aizul


Innate Abilities, Weirdness & Mutations

You reflexively headbutt those who attack you in melee.
You have a pair of horns on your head.
You have sharp toenails.
You possess an exceptional clarity of mind.
You are robust. (+10% HP)


Message History

The +0 short sword of protection hits you but does no damage.
The deep elf mage casts a spell at you. The stone arrow hits you!!
* * * LOW HITPOINT WARNING * * *
The deep elf knight gestures wildly while chanting.
The deep elf knight seems to speed up.
You block the +0 short sword of protection's attack.
The deep elf knight mumbles some strange words.
The deep elf knight seems to speed up.
As you read the scroll of teleportation, it crumbles to dust.
You feel strangely unstable.
The +3 war axe of draining hits you but does no damage.
You feel drained.
The +0 short sword of protection completely misses you.
You furiously retaliate!
You headbutt the +0 short sword of protection, but do no damage.
The +2 scimitar of flaming hits you but does no damage.
The deep elf mage gestures wildly while chanting.
The deep elf mage blinks!
The +3 war axe of draining hits you!
You die...

,,*,,,,,,,,,,.........#,,,,,,,,,,
,,,,,,,,,,,,,...........,,,,,,,,,
............,,..........,,,,,,,,,
...........*,*..........,,,,,,,,,
...E......#***#e........,,,,,,,,,
..........# #.........,,,,,,,,,
.....S....##*##.e...e...,,,,,,,,,
.....E.....#.#..(.......,,,,,,,,,
.......§...e..§(@(......,,,,,,,,,
..e...e...S....(........,,,,,,,,,
..#............E......#.,,,,,,,,,
,*##.................##*,,,,,,,,,
** ##...............## **,,,,,,,,
,**#.................***,,,,,,,,,
,,#...................*,,,,,,,,,,
,......................,,,,,,,,,,
#...##.....###..,,,**,,,**,,,**,,


You could see Aizul, 2 deep elf knights, an earth elemental (summoned), 2 deep
elf magi and 4 dancing weapons.

Vanquished Creatures
  2 deep elf sorcerers (Elf:1)
  An orc warlord (Orc:2)
  A deep elf annihilator (Elf:2)
  Harold (D:7)
  A two-headed ogre (D:9)
  An ogre mage (Orc:1)
  5 dancing weapons
  2 orc high priests (Orc:2)
  2 deep elf knights (Elf:2)
  Nergalle (Orc:2)
  2 deep elf archers
  3 orc knights (Orc:2)
  4 orc sorcerers
  19 deep elf magi
  Joseph (D:7)
  Maggie (D:7)
  4 trolls
  Grinder (D:6)
  2 hippogriffs (shapeshifter)
  A water elemental (Elf:2)
  An air elemental (Elf:2)
  Sigmund (D:4)
  A spriggan (D:7)
  5 yaks (D:8)
  Eustachio (D:6)
  A fire elemental (Elf:1)
  Grum (D:10)
  A hungry ghost (D:9)
  Edmund (D:4)
  A warg (Orc:2)
  Duvessa (D:4)
  19 orc warriors
  6 sky beasts
  2 ice beasts (D:6)
  3 wolves (D:10)
  3 phantoms
  10 ogres
  4 centaurs
  A big kobold (D:9)
  9 bullfrogs
  An earth elemental (Elf:2)
  Dowan (D:4)
  A wyvern skeleton (D:9)
  3 scorpions
  6 killer bees
  A centaur zombie (D:9)
  7 crimson imps
  4 howler monkeys
  A bullfrog zombie (D:5)
  5 hounds
  A jelly (D:8)
  16 orc priests
  20 orc wizards
  2 bullfrog skeletons
  A centaur skeleton (D:9)
  A gnoll shaman (D:8)
  5 iguanas
  A worker ant (D:4)
  Ijyb (D:5)
  A killer bee zombie (D:9)
  2 hound skeletons
  A howler monkey zombie (D:8)
  15 adders
  4 gnolls (D:8)
  A shadow imp (D:8)
  9 oozes
  An adder zombie (D:9)
  An adder skeleton (D:6)
  5 worms
  A dart slug (D:2)
  13 leopard geckos
  59 orcs
  19 giant cockroaches
  7 goblins
  6 hobgoblins
  11 jackals
  3 quokkas
  17 ball pythons
  7 bats
  14 frilled lizards
  11 kobolds
  3 rats
  A spectral orc (D:4)
417 creatures vanquished.

Vanquished Creatures (others)
  A dancing weapon (Elf:2)
  Blork the orc (Orc:2)
  8 plants (Elf:1)
10 creatures vanquished.

Grand Total: 427 creatures vanquished

Notes
Turn   | Place    | Note
-------+----------+-------------------------------------------
     0 | D:1      | ItisI the Minotaur Gladiator began the quest for the Orb.
     0 | D:1      | Reached XP level 1. HP: 18/18 MP: 0/0
   197 | D:1      | Reached XP level 2. HP: 25/25 MP: 1/1
   805 | D:2      | Reached skill level 4 in Polearms
   805 | D:2      | Reached skill level 1 in Shields
   887 | D:2      | Reached XP level 3. HP: 21/30 MP: 2/2
  1220 | D:2      | Found an ornate altar of the Wu Jian Council.
  1267 | D:2      | Found an iron altar of Okawaru.
  1288 | D:2      | Became a worshipper of Warmaster Okawaru
  1603 | D:3      | Reached skill level 1 in Armour
  1603 | D:3      | Reached XP level 4. HP: 33/37 MP: 3/3
  1829 | D:3      | Reached skill level 1 in Unarmed Combat
  2476 | D:4      | Reached skill level 5 in Polearms
  2476 | D:4      | Reached XP level 5. HP: 44/44 MP: 4/4
  2487 | D:4      | Noticed an ogre
  2495 | D:4      | Killed an ogre
  2495 | D:4      | Reached * piety under Okawaru
  2526 | D:4      | Reached XP level 6. HP: 51/51 MP: 5/5
  2545 | D:4      | Noticed Edmund
  2558 | D:4      | Killed Edmund
  2753 | D:4      | Noticed Sigmund
  2777 | D:4      | Reached skill level 6 in Polearms
  2777 | D:4      | Reached XP level 7. HP: 45/57 MP: 6/6
  2802 | D:4      | Killed Sigmund
  2802 | D:4      | Reached ** piety under Okawaru
  3057 | D:4      | Gained mutation: You possess an exceptional clarity of
                  | mind. [potion of mutation]
  3057 | D:4      | Gained mutation: You are robust. (+10% HP) [potion of
                  | mutation]
  3057 | D:4      | Gained mutation: You have sharp toenails. [potion of
                  | mutation]
  3222 | D:4      | Noticed Duvessa
  3222 | D:4      | Noticed Dowan
  3230 | D:4      | Killed Duvessa
  3237 | D:4      | Killed Dowan
  3237 | D:4      | Reached skill level 7 in Polearms
  3608 | D:4      | Found a basalt altar of Yredelemnul.
  3724 | D:5      | Entered Level 5 of the Dungeon
  3750 | D:5      | Reached XP level 8. HP: 72/72 MP: 7/7
  3955 | D:5      | Found a staircase to the Ecumenical Temple.
  4240 | D:5      | Found Canosh's General Store.
  4242 | D:5      | Noticed Ijyb
  4251 | D:5      | Killed Ijyb
  4309 | D:6      | Reached skill level 5 in Dodging
  4368 | D:6      | Reached *** piety under Okawaru
  4369 | D:6      | Found a radiant altar of Vehumet.
  4454 | D:6      | Reached skill level 8 in Polearms
  4490 | D:6      | Found a bloodstained altar of Trog.
  4579 | D:6      | Noticed Eustachio
  4587 | D:6      | Killed Eustachio
  4590 | D:6      | Reached skill level 5 in Throwing
  4653 | D:6      | Noticed Grinder
  4664 | D:6      | Killed Grinder
  4664 | D:6      | Reached XP level 9. HP: 80/80 MP: 8/8
  4717 | D:6      | Found a glowing drain.
  4735 | Sewer    | Entered a sewer
  5024 | Sewer    | Reached **** piety under Okawaru
  5135 | D:6      | Reached skill level 9 in Polearms
  5318 | D:6      | Reached skill level 5 in Fighting
  5318 | D:6      | Reached skill level 5 in Armour
  5319 | D:6      | Found Niytolis's Antique Armour Shoppe.
  5499 | D:6      | Received a gift from Okawaru
  5861 | D:7      | Noticed Maggie
  5866 | D:7      | Noticed Joseph
  5875 | D:7      | Killed Maggie
  5888 | D:7      | Killed Joseph
  6007 | D:7      | Reached skill level 5 in Shields
  6140 | D:7      | Found a sacrificial altar of Ru.
  6321 | D:7      | Noticed Harold
  6334 | D:7      | Killed Harold
  6334 | D:7      | Received a gift from Okawaru
  6334 | D:7      | Reached skill level 10 in Polearms
  6334 | D:7      | Reached XP level 10. HP: 72/91 MP: 9/9
  6345 | D:7      | Reached ***** piety under Okawaru
  6504 | D:7      | Received a gift from Okawaru
  6504 | D:7      | Reached skill level 5 in Unarmed Combat
  6949 | D:8      | Found a sacrificial altar of Ru.
  6976 | D:8      | Received a gift from Okawaru
  7274 | D:8      | Found a shimmering altar of Xom.
  7274 | D:8      | Found a burning altar of Makhleb.
  7402 | D:9      | Received a gift from Okawaru
  7424 | D:9      | Identified 2 scrolls of acquirement
  7623 | D:5      | Bought a +6 ring of strength for 819 gold pieces
  7747 | D:9      | Reached skill level 11 in Polearms
  7953 | D:9      | Found a bloodstained altar of Trog.
  8001 | D:9      | Found a shattered altar of Ashenzari.
  8128 | D:9      | Noticed a two-headed ogre
  8139 | D:9      | Killed a two-headed ogre
  8323 | D:9      | Found a sparkling altar of Nemelex Xobeh.
  8325 | D:9      | Reached XP level 11. HP: 100/100 MP: 10/10
  8334 | D:9      | Found an iron altar of Okawaru.
  8767 | D:10     | Entered Level 10 of the Dungeon
  9188 | D:10     | Noticed Grum
  9199 | D:10     | Killed Grum
  9461 | D:10     | Found Sutafoed's Armour Shoppe.
  9461 | D:10     | Found a staircase to the Orcish Mines.
  9502 | D:10     | Bought a +2 pair of gloves of strength for 322 gold pieces
  9615 | Orc:1    | Entered Level 1 of the Orcish Mines
  9619 | Orc:1    | Received a gift from Okawaru
  9669 | Orc:1    | Noticed an orc sorcerer
  9682 | Orc:1    | Killed an orc sorcerer
  9953 | Orc:1    | Noticed an ogre mage
  9962 | Orc:1    | Killed an ogre mage
 10066 | Orc:2    | Entered Level 2 of the Orcish Mines
 10066 | Orc:2    | Found Vaoh's Distillery.
 10083 | Orc:2    | Found a staircase to the Elven Halls.
 10141 | Orc:2    | Noticed an orc knight
 10152 | Orc:2    | Noticed Blork the orc
 10171 | Orc:2    | Killed Blork the orc
 10178 | Orc:2    | Reached skill level 12 in Polearms
 10469 | Orc:2    | Killed an orc knight
 10477 | Orc:2    | Noticed an orc high priest
 10483 | Orc:2    | Noticed an orc warlord
 10488 | Orc:2    | Noticed an orc sorcerer
 10490 | Orc:2    | Noticed an orc knight
 10491 | Orc:2    | Killed an orc high priest
 10491 | Orc:2    | Reached ****** piety under Okawaru
 10491 | Orc:2    | Received a gift from Okawaru
 10493 | Orc:2    | Noticed an orc sorcerer
 10500 | Orc:2    | Killed an orc knight
 10500 | Orc:2    | Received a gift from Okawaru
 10522 | Orc:2    | Noticed a sun demon
 10522 | Orc:2    | Killed an orc warlord
 10525 | Orc:2    | Killed an orc sorcerer
 10527 | Orc:2    | Killed an orc sorcerer
 10527 | Orc:2    | Reached XP level 12. HP: 24/110 MP: 11/11
 11184 | Orc:2    | Received a gift from Okawaru
 11269 | Orc:2    | Noticed Nergalle
 11278 | Orc:2    | Reached skill level 13 in Polearms
 11280 | Orc:2    | Found a roughly hewn altar of Beogh.
 11287 | Orc:2    | Killed Nergalle
 11516 | Orc:2    | Found Worani's Antique Weapon Boutique.
 11551 | Orc:2    | Found Betwavio's General Store.
 11559 | Orc:2    | Bought 6 boomerangs of dispersal for 144 gold pieces
 11567 | Orc:2    | Found Eclio's Book Boutique.
 11601 | Orc:2    | Noticed an orc high priest
 11613 | Orc:2    | Killed an orc high priest
 11668 | Orc:2    | Found Hatupil's Magic Scroll Boutique.
 11688 | Orc:2    | Bought a potion of might for 48 gold pieces
 11688 | Orc:2    | Bought a potion of berserk rage for 60 gold pieces
 11688 | Orc:2    | Bought a potion of berserk rage for 60 gold pieces
 11871 | Orc:2    | Found Ecuq Cuogou's Antique Weapon Emporium.
 11896 | Orc:2    | Found Rakkur's Weapon Emporium.
 11904 | Orc:2    | Found Qyofir's General Store.
 11912 | Orc:2    | Bought a scroll of teleportation for 39 gold pieces
 11912 | Orc:2    | Bought 2 potions of heal wounds for 130 gold pieces
 11930 | Orc:2    | Found Amayweke's Antique Armour Boutique.
 12061 | Elf:1    | Entered Level 1 of the Elven Halls
 12372 | Elf:1    | Identified the +9 trident of Orism {freeze, rF+}
 12441 | Elf:1    | Received a gift from Okawaru
 12511 | Elf:1    | Reached skill level 14 in Polearms
 12511 | Elf:1    | Reached skill level 10 in Throwing
 12591 | Elf:1    | Noticed a deep elf sorcerer
 12596 | Elf:1    | Killed a deep elf sorcerer
 12689 | Elf:1    | Noticed a deep elf sorcerer
 12697 | Elf:1    | Killed a deep elf sorcerer
 12697 | Elf:1    | Reached XP level 13. HP: 121/121 MP: 12/12
 12714 | Elf:1    | Received a gift from Okawaru
 12775 | Elf:1    | Identified Ceuzxu's Incunabulum of Supportive Arcane
                  | Weapons
 12900 | Elf:1    | Found a portal to a secret trove of treasure.
 13107 | Elf:1    | Received a gift from Okawaru
 13537 | Elf:2    | Noticed a deep elf annihilator
 13570 | Elf:2    | Killed a deep elf annihilator
 13854 | Elf:2    | Received a gift from Okawaru
 14029 | Elf:2    | Noticed a deep elf death mage
 14040 | Elf:2    | Noticed Aizul
 14042 | Elf:2    | HP: 3/122 [deep elf mage/bolt of lightning (9)]
 14047 | Elf:2    | Slain by a +3 war axe of draining

Illustrated notes

Levels and vault maps discovered:
D:1:      eino_arrival_cavern_a, layout_loops_ring
D:2:      layout_rooms, marbit_many_paths, okawaru_gym_becter
D:3:      layout_basic, moated_statue
D:4:      layout_basic, yredelemnul_forgotten_temple_becter, dk_noncrumbling_3,
          kennysheep_generic_room_9, uniq_edmund, uniq_duvessa, uniq_sigmund
D:5:      layout_rooms, minmay_temple_entry_antechambers, serial_shops,
          kennysheep_little_box, serial_glass, glass_columns_a, glass_columns_b,
          first_ration, hangedman_decor_points, uniq_ijyb
D:6:      layout_basic, lemuel_crystal_altar, serial_shops, shop,
          portal_sewer_entry_f, grunt_ministairs_12, bloody_trog,
          uniq_eustachio, uniq_grinder
D:7:      layout_cave_pools, serial_column_ruins, column_ruins_hut,
          column_ruins_columns_dead_end, column_ruins_corridor_T,
          column_ruins_grid_1, column_ruins_columns_straight,
          column_ruins_open_tiny, column_ruins_open_small, the_bakery,
          nicolae_ru_great_annihilating_truth, uniq_harold, uniq_maggie,
          uniq_joseph
D:8:      layout_basic, grunt_temple_overflow_champion_of_chaos, basic_altar
D:9:      layout_loops_ring, nicolae_ashenzari_panopticon,
          amethyst_overflow_temple_binary, minmay_misc_feat_nine_boxes,
          trog_three_pillars_becter
D:10:     layout_irregular_city, orc_david_3, uniq_grum
Orc:1:    layout_caves, mines4_lemuel, uniq_sonja, uniq_urug
Orc:2:    grunt_orc_cross, layout_caves, serial_shops,
          nicolae_shop_competitors_out_of_business, shop_statue, shop_statue,
          nicolae_shop_competitors_out_of_business, nicolae_shop_crystal,
          nicolae_orc_pool_cavern
Elf:1:    eino_elf_arrival_customs, layout_geoelf_grid, enter_trove_6,
          minmay_elf_sorcery
Elf:2:    layout_rooms, gammafunk_ghost_fury_of_okawaru, uniq_louise, uniq_aizul

Skill      XL: |  1  2  3  4  5  6  7  8  9 10 11 12 13 |
---------------+----------------------------------------+-----
Polearms       | 4 5 6 7 8 10 11 12 14 | 14.9
Shields        | 1 2 3 4 5 6 7 8 9 |  9.3
Armour         | 1 2 3 4 6 7 9 |  9.5
Unarmed Combat | 1 2 3 4 5 6 7 8 |  8.1
Dodging        | 4 5 6 7 8 |  8.8
Fighting       | 3 4 5 6 7 8 9 |  9.4
Throwing       | 3 4 5 6 7 9 10 | 10.3

Action                   |  1- 3 |  4- 6 |  7- 9 | 10-12 | 13-15 || total
-------------------------+-------+-------+-------+-------+-------++-------
Melee: Trident           |    78 |    62 |   319 |   580 |    77 ||  1116
       Headbutt          |    13 |     7 |    36 |    91 |    14 ||   161
       Kick              |       |       |    68 |   141 |    26 ||   235
       Unarmed           |       |       |       |     2 |       ||     2
Throw: Stone             |     4 |    62 |   126 |     5 |       ||   197
       Boomerang         |       |       |    14 |    56 |       ||    70
       Dart              |       |       |     2 |   119 |    10 ||   131
       Throwing net      |       |       |       |     3 |       ||     3
Invok: Heroism           |       |       |       |     1 |       ||     1
  Use: Scroll            |    10 |     2 |    13 |    12 |     5 ||    42
       Potion            |       |       |     1 |     5 |     3 ||     9
 Stab: Paralysed         |       |       |     2 |       |       ||     2
       Held in net/web   |       |       |       |     1 |       ||     1
  Eat: Chunk             |     2 |     4 |    12 |    13 |     4 ||    35
       Ration            |       |       |       |     2 |       ||     2
Armor: Leather armour    |     5 |       |       |       |       ||     5
       Ring mail         |    14 |    11 |       |       |       ||    25
       Chain mail        |       |    11 |   105 |    18 |       ||   134
       Quicksilver drago |       |       |       |    82 |    19 ||   101
Dodge: Dodged            |    21 |    15 |    51 |   119 |    22 ||   228
Block: Kite shield       |    23 |    19 |    74 |   165 |    27 ||   308
